AoeStats
← Silicio14Si

Arena

507623090Analyzed
4v4 RM · 14d ago on Sep 19, 2026· 41m 50s· 8 players
Game mode
Random Map
Map size
Large (8 player)
Population
200
Speed
Normal
Resources
Standard
Victory
Conquest
Starting age
Dark Age
Ending age
Imperial Age
RankedLock teamsTeams togetherTeam positionsShared explorationLock speedFull tech treeHidden civsTurbo modeCheats
Victory
Defeat
🇭🇰 Khmer · Hong Kong SAR China
955
+15
🇦🇷 Vietnamese · Argentina
948
+15
🇨🇦 Chinese · Canada
944
+15
🇨🇳 Turks · China
886
+18
🇲🇽 Vietnamese · Mexico
946
-17
🇲🇽 Poles · Mexico
935
-16
🇲🇽 Maya · Mexico
919
-15
🇺🇸 Malians · United States
916
-15
Zukomazi
12:12 Feudal Age
10:29 Loom
14:47 Wheelbarrow
15:02 Loom
17:29 Castle Age
15:18 Horse Collar
17:17 Loom
17:23 Double-Bit Axe
18:14 Town Watch
18:42 Bow Saw
18:38 Heavy Plow
25:55 Town Watch
26:35 Stone Mining
26:36 Gold Mining
32:12 Imperial Age
29:58 Scale Mail Armor
30:10 Forging
31:19 Hand Cart
31:22 Chain Mail Armor
33:00 Iron Casting
32:25 Pikeman
33:05 Squires
34:08 Crop Rotation
34:10 Plate Mail Armor
34:03 Conscription
33:36 Arson
33:19 Capped Ram
Geraik
11:21 Feudal Age
9:45 Loom
11:36 Feudal Age
10:00 Loom
15:37 Castle Age
14:15 Double-Bit Axe
14:44 Horse Collar
18:12 Bow Saw
24:56 Stone Mining
26:49 Wheelbarrow
26:10 Gold Mining
32:23 Imperial Age
30:10 Hand Cart
29:41 Town Watch
29:20 Light Cavalry
30:10 Bloodlines
33:26 Lechitic Legacy
32:47 Cavalier
33:27 Husbandry
33:38 Szlachta Privileges
32:54 Winged Hussar
34:03 Scale Barding Armor
34:08 Forging
35:58 Conscription
36:24 Heavy Plow
37:29 Chain Barding Armor
37:45 Iron Casting
37:37 Elite Skirmisher
39:38 Chemistry
38:58 Ballistics
38:34 Murder Holes
39:01 Imperial Skirmisher
39:35 Fletching
39:45 Padded Archer Armor
42:57 Blast Furnace
41:57 Scale Mail Armor
Silicio14Si
7:27 Loom
11:50 Feudal Age
14:38 Double-Bit Axe
14:36 Horse Collar
17:57 Castle Age
18:22 Fletching
20:23 Stone Mining
24:59 Forging
24:53 Squires
24:21 Eagle Warrior
26:40 Scale Mail Armor
28:31 Fortified Wall
29:20 Wheelbarrow
29:01 Squires
33:33 Imperial Age
31:50 Chain Mail Armor
33:52 Iron Casting
34:12 Bow Saw
35:12 Plate Mail Armor
34:11 Elite Eagle Warrior
36:08 Holcans
37:30 Blast Furnace
quiquito45
7:50 Loom
11:19 Feudal Age
13:03 Double-Bit Axe
15:56 Castle Age
14:11 Horse Collar
15:16 Stone Mining
17:05 Bow Saw
21:19 Wheelbarrow
26:33 Gold Mining
28:51 Stone Shaft Mining
28:19 Heavy Plow
28:45 Elite Skirmisher
32:22 Imperial Age
29:38 Town Watch
30:04 Fletching
30:15 Padded Archer Armor
32:37 Thumb Ring
32:54 Ballistics
32:54 Bloodlines
32:45 Husbandry
32:43 Bodkin Arrow
33:03 Leather Archer Armor
32:59 Forging
32:31 Imperial Skirmisher
35:51 Chemistry
34:57 Siege Engineers
34:37 Imperial Skirmisher
37:09 Scale Barding Armor
37:47 Iron Casting
37:13 Scale Mail Armor
37:13 Bracer
40:33 Ring Archer Armor
40:24 Chain Barding Armor
40:20 Chain Mail Armor
el eel
11:10 Feudal Age
12:17 Double-Bit Axe
13:55 Horse Collar
18:33 Castle Age
20:18 Wheelbarrow
20:23 Bow Saw
22:17 Heavy Plow
22:52 Fletching
23:02 Padded Archer Armor
23:11 Thumb Ring
26:07 Bodkin Arrow
26:27 Leather Archer Armor
26:26 Forging
26:16 Scale Mail Armor
28:02 Hand Cart
27:32 Loom
27:33 Town Watch
29:14 Iron Casting
30:02 Caravan
30:16 Fortified Wall
31:09 Great Wall
32:34 Chain Mail Armor
32:26 Squires
32:11 Arson
32:41 Town Patrol
35:47 Imperial Age
36:52 Conscription
37:54 Ballistics
38:36 Chemistry
37:37 Bracer
38:08 Ring Archer Armor
37:02 Elite Fire Lancer
38:14 Murder Holes
39:22 Blast Furnace
39:39 Elite Chu Ko Nu
39:50 Pikeman
42:06 Plate Mail Armor
42:36 Blast Furnace
41:08 Halberdier
DZZZ
0:37 Loom
11:21 Feudal Age
12:10 Double-Bit Axe
16:42 Castle Age
15:19 Horse Collar
18:19 Bow Saw
18:53 Fervor
21:52 Wheelbarrow
23:20 Gold Mining
25:37 Heavy Plow
25:35 Stone Mining
26:35 Gold Shaft Mining
29:19 Imperial Age
27:40 Ballistics
27:16 Murder Holes
28:37 Hand Cart
28:52 Husbandry
29:03 Bloodlines
29:03 Scale Barding Armor
28:48 Town Watch
29:25 Light Cavalry
30:33 Chain Barding Armor
30:46 Devotion
31:18 Forging
31:00 Fletching
31:39 Elite Battle Elephant
32:59 Conscription
32:41 Tusk Swords
32:43 Hussar
36:04 Plate Barding Armor
36:05 Iron Casting
35:26 Bodkin Arrow
36:38 Chemistry
37:25 Masonry
37:23 Siege Engineers
39:38 Architecture
41:43 Blast Furnace
40:09 Capped Ram
41:15 Heavy Scorpion
GM_鬼
10:21 Feudal Age
13:57 Castle Age
12:07 Double-Bit Axe
12:06 Horse Collar
15:15 Bow Saw
15:09 Heavy Plow
20:21 Wheelbarrow
21:27 Stone Mining
23:09 Hand Cart
23:36 Loom
25:03 Gold Mining
27:59 Imperial Age
25:18 Town Watch
26:16 Stone Shaft Mining
26:04 Ballistics
25:37 Fletching
26:49 Bodkin Arrow
26:55 Padded Archer Armor
28:10 Thumb Ring
28:39 Bracer
28:55 Leather Archer Armor
29:42 Chemistry
28:57 Elite Rattan Archer
31:11 Ring Archer Armor
31:00 Siege Engineers
30:44 Treadmill Crane
31:37 Scale Mail Armor
31:47 Forging
32:33 Paper Money
32:23 Guard Tower
32:11 Elite Fire Lancer
34:21 Two-Man Saw
33:32 Squires
33:17 Arson
34:40 Keep
34:05 Arrowslits
35:02 Chain Mail Armor
36:19 Plate Mail Armor
36:24 Iron Casting
35:48 Murder Holes
36:53 Crop Rotation
38:02 Fortified Wall
YellowyGnu8986
0:30 Loom
11:18 Feudal Age
15:56 Castle Age
14:12 Horse Collar
14:28 Double-Bit Axe
16:07 Wheelbarrow
15:47 Gold Mining
17:14 Bow Saw
17:40 Heavy Plow
18:15 Stone Mining
24:53 Gold Shaft Mining
25:59 Hand Cart
28:44 Caravan
33:20 Imperial Age
32:09 Forging
31:50 Fletching
32:02 Padded Archer Armor
32:13 Squires
31:59 Arson
33:43 Iron Casting
33:22 Thumb Ring
33:41 Ballistics
34:35 Conscription
34:18 Artillery
35:20 Two-Man Saw
Connection lost

Rejoining the realm…

Still unreachable

The connection could not be restored.

Session expired

The server has moved on; the page needs a fresh start.